Map: Para Site LE

Players

Zest

  • Race: Protoss Protoss
  • League: Master
  • Spawn Location: 5:00

Classic - Winner!

  • Race: Protoss Protoss
  • League: Master
  • Spawn Location: 11:00

Event: IEM Season 13 - Katowice Server Qualifiers Asia 2

VOD

Have the link to the VOD?

Description

Time

  • Played on: Jan. 22, 2019, 8:23 a.m.
  • Length: 5:30

All games in this series

Show
View Real Time Build Order
Export as new Build Order

Zest Protoss 

Build Orders: Phoenix Opening, Dark Templar Rush 

Get SALT Encoding   

  12  0:00  Probe  
  13  0:12  Probe  
  14  0:16  Pylon  
  14  0:23  Probe  
  15  0:31  Probe  
  15  0:36  Gateway  
  15  0:39  Probe  
  16  0:45  Assimilator  
  17  0:50  Probe  
  17  0:56  Assimilator  
  18  0:58  Probe  
  19  1:07  Probe  
  20  1:12  Gateway  
  20  1:17  Probe  
  21  1:26  Cybernetics Core  
  21  1:29  Probe  
  22  1:36  Pylon  
  22  1:41  Probe  
  23  1:54  Probe  
  24  2:02  Adept x2  
  24  2:03  Warp Gate  
  24  2:06  Pylon  
  28  2:24  Stargate  
  28  2:31  Adept x2  
  32  2:58  Twilight Council  
  32  2:59  Phoenix  
  34  3:18  Nexus  
  34  3:36  Dark Shrine  
  34  3:38  Probe  
  33  3:46  Pylon  
  33  3:51  Probe  
  34  4:03  Probe  
  34  4:04  Gateway  
  34  4:05  Pylon  
  35  4:18  Probe  
  36  4:30  Probe  
  37  4:35  Probe  
  30  4:48  Dark Templar x2  
  30  4:49  Probe  
  30  4:52  Probe  
  31  5:02  Dark Templar  
  31  5:04  Probe x2  
  35  5:16  Probe  
  35  5:22  Dark Templar  
Show
View Real Time Build Order
Export as new Build Order

Classic Protoss - Winner!

Build Orders: Oracle Opening, Phoenix Opening 

Get SALT Encoding   

  12  0:00  Probe  
  13  0:12  Probe  
  14  0:17  Pylon  
  14  0:24  Probe  
  15  0:32  Probe  
  15  0:38  Gateway  
  15  0:40  Probe  
  16  0:46  Assimilator  
  17  0:50  Probe  
  17  0:53  Assimilator  
  18  0:58  Probe  
  19  1:06  Probe  
  20  1:12  Gateway  
  20  1:17  Probe  
  20  1:25  Cybernetics Core  
  21  1:29  Probe  
  22  1:34  Pylon  
  22  1:41  Probe  
  23  1:53  Probe  
  24  2:02  Sentry, Stalker  
  24  2:03  Warp Gate  
  28  2:11  Pylon  
  28  2:25  Stargate  
  28  2:33  Stalker  
  30  2:43  Stalker  
  31  2:56  Shield Battery  
  31  2:59  Phoenix  
  31  3:02  Shield Battery  
  33  3:21  Nexus  
  35  3:30  Oracle  
  36  3:44  Probe, Shield Battery  
  35  3:56  Robotics Facility, Probe  
  35  4:00  Pylon  
  36  4:07  Oracle  
  39  4:18  Probe  
  40  4:25  Shield Battery  
  40  4:30  Probe  
  40  4:40  Probe  
  40  4:42  Probe  
  42  4:47  Oracle  
  42  4:49  Observer  
  42  4:52  Probe  
  46  4:54  Probe  
  48  5:01  Pylon  
  48  5:04  Probe  
  48  5:06  Probe  
  50  5:15  Stalker x2  
  50  5:17  Probe  

Tags
 
Add a new tag
Caveats
  • Supply blocks, unpowered buildings, or Contaminate may cause inaccurate times.
  • Supply counts are checked every 10 seconds.